 Dungeon Crawl Stone Soup version 0.29.0-4-gdea44cf6ec (webtiles) character file.

Game seed: 18295608007553409796

68 qw the Ruffian (level 4, -1/35 HPs)
             Began as a Ghoul Fire Elementalist on Aug 29, 2022.
             Slain by a hobgoblin (3 damage)
             ... led by Robin
             ... on level 2 of the Dungeon.
             The game lasted 00:01:54 (2033 turns).

qw the Ruffian (Ghoul Fire Elementalist)            Turns: 2033, Time: 00:01:54

Health: -1/35      AC:  2    Str: 13    XL:     4   Next: 19%
Magic:  5/5        EV: 11    Int: 10    God:
Gold:   73         SH:  4    Dex:  9    Spells: 5/6 levels left

rFire   . . .      SeeInvis .     - Unarmed
rCold   + . .      Faith    .   d - +2 buckler
rNeg    + + +      Spirit   .   a - +0 robe
rPois   inf        Reflect  .   (no helmet)
rElec   .          Harm     .   (no cloak)
rCorr   .          Rampage  .   (no gloves)
Will    .....                   (no boots)
Stlth   ++........              (no amulet)
HPRegen 0.00/turn               (no ring)
MPRegen 0.09/turn               (no ring)

@: inhibited regen
A: claws 1, cold resistance 1, negative energy resistance 3, inhibited
regeneration, torment resistance 2, devour on kill
a: no special abilities


You were on level 2 of the Dungeon.
You visited 1 branch of the dungeon, and saw 2 of its levels.

You collected 73 gold pieces.


Innate Abilities, Weirdness & Mutations

You are immune to poison.
You have sharp fingernails.
Your flesh is cold resistant. (rC+)
You are immune to negative energy. (rN+++)
You do not regenerate when monsters are visible.
You are immune to unholy pain and torment.
You thrive by killing the living.


   Skills:
 - Level 1.0 Fighting
 - Level 1.7 Dodging
 - Level 2.1 Stealth
 + Level 3.8 Unarmed Combat
 - Level 1.7 Spellcasting
 - Level 0.7 Conjurations
 - Level 2.4 Fire Magic


You had 5 spell levels left.
You knew the following spells:

 Your Spells              Type           Power      Damage    Failure   Level
a - Foxfire               Conj/Fire      16%        2x1d4     22%         1

Your spell library contained the following spells:

 Spells                   Type           Power      Damage    Failure   Level
 Scorch                   Fire           10%        2d6       24%         2
 Conjure Flame            Conj/Fire      4%         6-21      56%         3
 Inner Flame              Hex/Fire       3%         N/A       63%         3
 Flame Wave               Conj/Fire      4%         2d5       92%         4

Inventory:

Armour
 a - a +0 robe (worn)
 d - a +2 buckler (worn)
Potions
 b - a potion of lignification {unknown}
 c - a potion of heal wounds {unknown}
 e - a potion of mutation {unknown}
 f - a potion of degeneration {unknown}
 g - a potion of invisibility {unknown}

Dungeon Overview and Level Annotations

Branches:
Dungeon (2/15)

Altars:
Vehumet


Message History

The goblin hits you with a +0 dagger. The goblin barely misses you.
You scratch the goblin.
The goblin is moderately wounded.
You block the goblin's attack. The goblin barely misses you.
You scratch the goblin.
You kill the goblin!
You feel better. The goblin barely misses you.
You barely miss the goblin.
The goblin no longer looks unusually strong.
The goblin hits you with a +0 club. The goblin hits you with a +0 dagger.
A hobgoblin comes into view.
The hobgoblin shouts!
You scratch the goblin.
The goblin is severely wounded.
The goblin hits you but does no damage. The goblin hits you with a +0 dagger.
You completely miss the goblin.
The goblin is severely wounded.
The goblin no longer looks unusually strong.
You block the goblin's attack. The goblin hits you with a +0 dagger.
A hobgoblin comes into view.
You scratch the goblin.
You kill the goblin!
You feel better. The goblin closely misses you.
You claw the goblin!
You kill the goblin!
The goblin hits you with a +0 dagger.
You claw the goblin!
You kill the goblin!
The goblin closely misses you.
You claw the goblin!
You kill the goblin!
The goblin hits you with a +0 dagger.
You scratch the hobgoblin but do no damage.
You block the goblin's attack. The hobgoblin hits you.
You scratch the hobgoblin.
The hobgoblin is moderately wounded.
You block the goblin's attack. The hobgoblin hits you.
You die...

###.#..#.#.....#
#..%...#.####..#
#.#.#.##.# ..#
#........#
###.#.#### #.#.#
#.#.# ##.#.#
######..#@#
#....<..gg#
######.#.g#
#.#..# #.#..#
#.#.)#
#.#.....gggg
#.#..######g
#.#..#


You could see 2 hobgoblins and a goblin.

Vanquished Creatures
  Robin (D:2)
  8 ball pythons
  A bat (D:1)
  9 endoplasms
  2 giant cockroaches (D:1)
  5 hobgoblins
  2 jackals (D:1)
  5 kobolds (D:1)
  2 quokkas (D:1)
  10 goblins
  2 rats (D:1)
47 creatures vanquished.

Notes
Turn   | Place    | Note
-------+----------+-------------------------------------------
     0 | D:1      | qw the Ghoul Fire Elementalist began the quest for the Orb.
     0 | D:1      | Reached XP level 1. HP: 14/14 MP: 2/2
     0 | D:1      | 0 ||| qw: Version: 0.1-a-90-g952f4b7
     0 | D:1      | 0 ||| qw: Game counter: 4068
     0 | D:1      | 0 ||| qw: Always use a shield: true
     0 | D:1      | 0 ||| qw: God list: Okawaru
     0 | D:1      | 0 ||| qw: Allow faded altars: false
     0 | D:1      | 0 ||| qw: Do Orc after D:15 true
     0 | D:1      | 0 ||| qw: Do second Lair branch before Depths: true
     0 | D:1      | 0 ||| qw: Lair rune preference: random
     0 | D:1      | 0 ||| qw: Plans: Normal
     0 | D:1      | 0 ||| PLANNING D:1-11
    60 | D:1      | Reached skill level 1 in Unarmed Combat
   152 | D:1      | 152 ||| Stepping ~*~*~tactically~*~*~ (stealth).
   243 | D:1      | Reached skill level 1 in Fighting
   243 | D:1      | Reached XP level 2. HP: 23/23 MP: 3/3
   335 | D:1      | 335 ||| Stepping ~*~*~tactically~*~*~ (stealth).
   732 | D:1      | Found a faded altar of an unknown god.
   778 | D:1      | 778 ||| Stepping ~*~*~tactically~*~*~ (stealth).
   780 | D:1      | 780 ||| Stepping ~*~*~tactically~*~*~ (stealth).
   793 | D:1      | Reached skill level 2 in Unarmed Combat
   839 | D:1      | 839 ||| Stepping ~*~*~tactically~*~*~ (stealth).
   850 | D:1      | 850 ||| Stepping ~*~*~tactically~*~*~ (stealth).
   855 | D:1      | 855 ||| Stepping ~*~*~tactically~*~*~ (stealth).
   860 | D:1      | 860 ||| Stepping ~*~*~tactically~*~*~ (stealth).
   861 | D:1      | 861 ||| Stepping ~*~*~tactically~*~*~ (stealth).
  1066 | D:1      | 1066 ||| Stepping ~*~*~tactically~*~*~ (stealth).
  1156 | D:1      | Reached XP level 3. HP: 23/28 MP: 4/4
  1793 | D:1      | Reached skill level 3 in Unarmed Combat
  1806 | D:1      | 1806 ||| Stepping ~*~*~tactically~*~*~ (stealth).
  1808 | D:1      | 1808 ||| Stepping ~*~*~tactically~*~*~ (stealth).
  1809 | D:1      | 1809 ||| Stepping ~*~*~tactically~*~*~ (stealth).
  1856 | D:1      | 1856 ||| UPGRADING to +2 buckler.
  1861 | D:1      | 1861 ||| DROPPING potion of magic.
  1962 | D:2      | Found a radiant altar of Vehumet.
  2001 | D:2      | Noticed Robin
  2002 | D:2      | 2002 ||| Stepping ~*~*~tactically~*~*~ (hiding).
  2013 | D:2      | Killed Robin
  2014 | D:2      | Reached XP level 4. HP: 24/35 MP: 5/5
  2014 | D:2      | 2014 ||| Stepping ~*~*~tactically~*~*~ (outnumbered).
  2015 | D:2      | 2015 ||| Stepping ~*~*~tactically~*~*~ (outnumbered).
  2016 | D:2      | 2016 ||| Stepping ~*~*~tactically~*~*~ (outnumbered).
  2017 | D:2      | 2017 ||| Stepping ~*~*~tactically~*~*~ (outnumbered).
  2026 | D:2      | HP: 6/35 [goblin/+0 dagger[Robin] (6)]
  2031 | D:2      | HP: 3/35 [goblin/+0 dagger[Robin] (2)]
  2033 | D:2      | Slain by a hobgoblin

Levels and vault maps discovered:
D:1:      pf_arrival_petrified_forest, layout_basic,
          shapermc_ecumenical_altar_mp_vishouse
D:2:      layout_basic, basic_altar, uniq_robin

Skill      XL: |  1  2  3 |
---------------+----------+-----
Unarmed Combat | 1 2 3 |  3.8
Fighting       | 1 |  1.0
Dodging        | |  1.7
Stealth        | |  2.1
Spellcasting   | |  1.7
Conjurations   | |  0.7
Fire Magic     | |  2.4

Action                   |  1- 3 |  4- 6 || total
-------------------------+-------+-------++-------
Melee: Unarmed           |   159 |    16 ||   175
Armor: Robe              |    25 |     3 ||    28
Dodge: Dodged            |    95 |     9 ||   104
Block: Buckler           |     2 |     7 ||     9

Table legend:
 A = Non-vault XP
 B = Vault XP
 C = Vault XP percentage of total XP
 D = Non-vault monster count
 E = Vault monster count
 F = Vault count percentage of total count
                 A         B        C        D         E       F
            +---------+---------+-------+---------+---------+-------
      Total |      66 |      32 |  32.7 |      37 |      10 |  21.3
            +---------+---------+-------+---------+---------+-------
        D:1 |      60 |       0 |   0.0 |      34 |       0 |   0.0
        D:2 |       6 |      32 |  84.2 |       3 |      10 |  76.9
            +---------+---------+-------+---------+---------+-------
